Map: Ley Lines

Players

kronk - Winner!

  • Race: Protoss Protoss
  • League: Diamond
  • Spawn Location: 7:00

ManlyManMeat

  • Race: Zerg Zerg
  • League: Platinum
  • Spawn Location: 1:00

VOD

Have the link to the VOD?

Description

Time

  • Played on: June 20, 2025, 6:12 p.m.
  • Length: 12:44
Show
View Real Time Build Order
Export as new Build Order

kronk Protoss - Winner!

Build Orders:  

Get SALT Encoding   

  12  0:01  Probe  
  13  0:13  Probe  
  14  0:19  Pylon  
  14  0:25  Probe  
  15  0:37  Probe  
  16  0:45  Gateway, Probe  
  17  0:53  Probe  
  18  1:04  Assimilator  
  18  1:05  Pylon  
  18  1:06  Probe  
  19  1:18  Probe  
  19  1:30  Probe  
  20  1:40  Cybernetics Core  
  20  1:42  Gateway  
  20  1:43  Probe  
  21  1:53  Nexus  
  21  2:05  Gateway  
  21  2:09  Probe  
  22  2:21  Probe  
  23  2:25  Assimilator  
  23  2:29  Zealot  
  25  2:32  Probe  
  26  2:40  Probe  
  26  2:48  Probe  
  27  2:52  Pylon  
  28  2:59  Probe  
  28  3:02  Probe  
  29  3:07  Probe  
  29  3:10  Probe  
  29  3:11  Shield Battery  
  30  3:15  Probe  
  30  3:19  Probe  
  32  3:24  Stargate  
  33  3:27  Probe  
  33  3:28  Stalker  
  33  3:32  Probe, Stalker  
  37  3:40  Probe  
  40  3:44  Probe  
  41  3:52  Probe, Assimilator  
  42  3:56  Probe  
  42  3:57  Assimilator  
  43  4:04  Probe, Zealot x2  
  43  4:08  Probe  
  49  4:10  Pylon  
  49  4:16  Pylon, Probe  
  50  4:19  Pylon  
  50  4:20  Probe  
  50  4:22  Pylon  
  51  4:28  Probe  
  52  4:32  Probe  
  52  4:36  Zealot  
  52  4:37  Adept  
  57  4:42  Probe  
  57  4:44  Probe  
  63  4:49  Void Ray  
  63  5:01  Nexus  
  63  5:04  Pylon  
  63  5:08  Pylon  
  63  5:15  Probe  
  63  5:16  Probe  
  63  5:18  Forge  
  65  5:23  Adept  
  65  5:26  Adept  
  73  5:32  Void Ray, Protoss Shields Level 1  
  73  5:37  Probe, Shield Battery  
  73  5:38  Probe  
  73  5:39  Shield Battery  
  75  5:46  Stargate  
  75  5:47  Pylon  
  75  5:49  Protoss Air Weapons Level 1  
  75  5:50  Probe  
  75  5:51  Probe  
  77  6:00  Stalker  
  79  6:07  Probe x2  
  81  6:16  Photon Cannon  
  81  6:19  Probe x2  
  81  6:20  Photon Cannon  
  83  6:27  Probe  
  83  6:31  Probe x2  
  90  6:37  Void Ray  
  90  6:39  Probe  
  95  6:40  Void Ray  
  95  6:50  Adept  
  97  6:55  Probe x2  
  97  6:56  Probe  
  100  7:06  Assimilator  
  100  7:08  Photon Cannon  
  100  7:09  Shield Battery  
  100  7:11  Pylon  
  100  7:12  Photon Cannon  
  100  7:14  Probe  
  100  7:15  Probe  
  106  7:16  Probe, Photon Cannon  
  106  7:20  Void Ray  
  111  7:23  Void Ray  
  111  7:24  Stargate  
  111  7:31  Fleet Beacon  
  111  7:33  Pylon  
  111  7:35  Pylon  
  111  7:45  Protoss Air Armor Level 1  
  111  7:46  Assimilator  
  87  8:05  Probe x3  
  80  8:08  Void Ray x3  
  80  8:11  Zealot x2  
  96  8:17  Probe x3  
  99  8:29  Probe  
  99  8:30  Probe x2, Twilight Council  
  102  8:34  Pylon  
  102  8:35  Cybernetics Core  
  102  8:38  Probe x2  
  102  8:42  Probe  
  102  8:46  Probe x2  
  105  8:54  Probe  
  105  8:55  Pylon, Probe  
  108  8:56  Pylon, Probe  
  108  9:01  Photon Cannon  
  110  9:03  Carrier  
  116  9:22  Probe  
  82  9:50  Carrier  
  82  9:51  Carrier  
  89  9:55  Probe x3  
  86  10:08  Probe  
  86  10:09  Probe  
  80  11:48  Void Ray  
  80  11:49  Void Ray  
  74  12:03  Probe x2  
  80  12:33  Pylon  
  80  12:38  Pylon  
Show
View Real Time Build Order
Export as new Build Order

ManlyManMeat Zerg 

Build Orders: Hatch First 

Get SALT Encoding   

  12  0:00  Drone  
  13  0:12  Overlord  
  13  0:16  Drone  
  14  0:31  Drone x2  
  14  0:35  Drone  
  17  0:50  Hatchery  
  17  0:56  Drone  
  17  0:58  Drone  
  19  1:14  Spawning Pool  
  19  1:15  Extractor  
  19  1:17  Drone  
  17  1:33  Drone  
  18  1:40  Drone  
  19  1:50  Overlord  
  19  2:02  Queen x2  
  19  2:04  Zergling x2  
  19  2:06  Zergling x2  
  25  2:12  Drone  
  26  2:19  Drone  
  26  2:22  Metabolic Boost  
  27  2:25  Drone  
  28  2:34  Drone x2  
  30  2:39  Drone  
  31  2:50  Hatchery  
  30  2:59  Drone  
  30  3:00  Drone x3  
  34  3:17  Drone x2  
  34  3:18  Overlord  
  34  3:19  Overlord  
  36  3:24  Spore Crawler x2  
  34  3:27  Drone x2  
  36  3:49  Drone x3  
  36  3:50  Drone x2  
  36  3:54  Queen  
  43  3:57  Lair  
  43  3:59  Extractor  
  43  4:00  Drone  
  43  4:03  Drone  
  43  4:04  Drone x2  
  43  4:05  Drone x2  
  43  4:09  Baneling Nest  
  47  4:10  Drone  
  47  4:11  Drone  
  49  4:18  Drone x3  
  49  4:19  Drone  
  52  4:31  Drone x4  
  52  4:32  Drone  
  52  4:38  Overlord  
  57  4:48  Overlord x3  
  57  4:54  Spore Crawler  
  57  4:56  Centrifugal Hooks  
  57  4:59  Drone  
  57  5:02  Evolution Chamber  
  57  5:04  Evolution Chamber, Queen  
  57  5:07  Drone x2  
  57  5:08  Drone  
  57  5:09  Drone x2  
  57  5:14  Zergling x14  
  65  5:18  Queen  
  71  5:21  Drone x2  
  73  5:49  Overlord x2  
  73  5:50  Drone, Overlord x2  
  73  5:51  Zergling x10  
  73  5:53  Hatchery  
  73  5:54  Baneling x4  
  78  5:57  Zerg Melee Weapons Level 1  
  78  6:01  Drone x2  
  78  6:03  Hatchery  
  79  6:15  Drone  
  79  6:16  Drone, Hatchery  
  79  6:17  Hatchery  
  79  6:18  Zergling x8  
  82  6:19  Zergling x2  
  82  6:20  Zergling x2  
  85  6:31  Zergling x2  
  85  6:32  Zergling x4  
  88  6:37  Overlord x2  
  88  6:38  Overlord  
  86  6:47  Zerg Ground Armor Level 1  
  86  6:48  Zergling x18  
  86  6:51  Baneling x4  
  86  6:52  Baneling x11  
  95  7:05  Zergling x22  
  106  7:14  Zergling x8  
  110  7:33  Baneling x10  
  110  7:34  Baneling x2  
  110  7:35  Zergling x10  
  110  7:36  Zergling x22  
  110  7:37  Zergling x6  
  129  7:44  Drone  
  129  7:46  Drone  
  115  8:04  Zergling x2  
  115  8:05  Zergling x50  
  120  8:12  Zergling x2  
  120  8:13  Zergling x12  
  110  8:27  Spire  
  110  8:29  Drone, Extractor  
  110  8:30  Drone x4  
  110  8:31  Drone, Extractor  
  112  8:34  Baneling x3  
  112  8:35  Baneling x2  
  112  8:44  Queen  
  112  8:46  Queen  
  112  8:47  Zergling x16  
  112  8:48  Zergling x6  
  127  8:59  Zergling x18  
  127  9:00  Zergling x4  
  138  9:04  Baneling x8  
  138  9:11  Drone x3  
  138  9:13  Drone x2  
  138  9:14  Overlord x2  
  102  9:51  Zergling x14  
  102  9:52  Zergling x56  
  129  10:05  Extractor  
  122  10:07  Extractor  
  122  10:14  Extractor  
  116  10:20  Corruptor x6  
  128  10:25  Baneling x4  
  128  10:34  Baneling x3  
  115  10:51  Corruptor  
  115  10:52  Corruptor  
  118  10:59  Corruptor  
  109  11:09  Spore Crawler  
  109  11:10  Spore Crawler  
  102  11:12  Drone x5, Spore Crawler x2  
  103  11:22  Corruptor x2  
  92  11:39  Corruptor x2  
  83  11:45  Extractor  
  75  11:58  Corruptor x2  
  72  12:05  Zergling x48  
  72  12:06  Zergling x18  
  80  12:19  Zergling x10  
Tags
 
Matchup
PvZ
Replay Pack
Myownreplay2
Spawn Locations
Cross Positions
Add a new tag
Caveats
  • Supply blocks, unpowered buildings, or Contaminate may cause inaccurate times.
  • Supply counts are checked every 10 seconds.